 Dungeon Crawl Stone Soup version 0.28-a0-465-ge2dae52223 (webtiles) character file.

Game seed: 16119425424484320822

17 nicanaca0 the Shield-Bearer (level 2, 0/19 HPs)
             Began as a Gargoyle Fighter on Sept 14, 2021.
             Slain by a frilled lizard (2 damage)
             ... on level 2 of the Dungeon.
             The game lasted 00:01:00 (979 turns).

nicanaca0 the Shield-Bearer (Gargoyle Fighter)       Turns: 979, Time: 00:01:00

Health: 0/19       AC:  9    Str: 19    XL:     2   Next: 62%
Magic:  2/2        EV:  9    Int:  8    God:
Gold:   47         SH:  4    Dex:  9    Spells: 1/1 levels left

rFire   . . .      SeeInvis .   a - +0 flail
rCold   . . .      Faith    .   c - +0 buckler
rNeg    + . .      Spirit   .   b - +0 scale mail
rPois   ∞          Reflect  .   (no helmet)
rElec   +          Harm     .   (no cloak)
rCorr   .          Rampage  .   (no gloves)
Will    .....                   (no boots)
Stlth   ..........              (no amulet)
HPRegen 0.06/turn               (no ring)
MPRegen 0.08/turn               (no ring)

@: no status effects
A: sickness immunity, AC +2, negative energy resistance 1, electricity
resistance, torment resistance 1, petrification resistance
a: no special abilities


You were on level 2 of the Dungeon.
You visited 1 branch of the dungeon, and saw 2 of its levels.

You collected 47 gold pieces.

Inventory:

Hand Weapons
 a - a +0 flail (weapon)
Missiles
 h - 20 stones (quivered)
Armour
 b - a +0 scale mail (worn)
 c - a +0 buckler (worn)
 i - a +0 cloak
Scrolls
 e - a scroll of holy word {unknown}
 f - 3 scrolls of identify {unknown}
 j - a scroll of amnesia {unknown}
 k - a scroll of enchant armour {unknown}
Potions
 d - a potion of might
 g - 4 potions of curing {unknown}
 l - 2 potions of haste {unknown}


   Skills:
 - Level 3.2 Fighting
 * Level 2.6 Maces & Flails
 - Level 3.2 Armour
 * Level 3.7 Shields


You had one spell level left.
You didn't know any spells.
Your spell library contained the following spells:

 Spells                   Type           Power      Damage    Failure   Level
 Apportation              Tloc           0%         N/A       78%         1
 Shock                    Conj/Air       0%         1d3       78%         1
 Sting                    Tmut/Pois      0%         1d3       78%         1


Dungeon Overview and Level Annotations

Branches:
Dungeon (2/15)

Altars:

Annotations:
D:2 Natasha


Innate Abilities, Weirdness & Mutations

You are immune to sickness and miasma.
Your stone body is resilient. (AC +2)
You are immune to poison.
You resist negative energy. (rN+)
You are resistant to electric shocks. (rElec)
You are resistant to unholy torment.
You are immune to petrification.


Message History

You kill the quokka!
The frilled lizard closely misses you. The frilled lizard bites you.
The frilled lizard bites you but does no damage.
You miss the frilled lizard. You block the frilled lizard's attack.
The frilled lizard barely misses you.
You hit the endoplasm.
The endoplasm is severely wounded.
The frilled lizard bites you but does no damage.
You block the frilled lizard's attack. The endoplasm freezes you.
You are frozen.
You hit the endoplasm but do no damage.
The endoplasm is severely wounded.
You block the frilled lizard's attack.
The frilled lizard bites you but does no damage.
The endoplasm hits you.
You are too injured to fight recklessly!
You are too injured to fight recklessly!
You are too injured to fight recklessly!
You hit the endoplasm but do no damage.
The endoplasm is severely wounded.
The frilled lizard barely misses you. The frilled lizard bites you.
The endoplasm freezes you.
You are frozen.
* * * LOW HITPOINT WARNING * * *
The frilled lizard bites you.
* * * LOW HITPOINT WARNING * * *
The frilled lizard barely misses you.
The endoplasm hits you but does no damage.
You thump the endoplasm!
You kill the endoplasm!
The frilled lizard barely misses you.
The frilled lizard bites you but does no damage.
You barely miss the frilled lizard. The frilled lizard bites you.
* * * LOW HITPOINT WARNING * * *
You block the frilled lizard's attack.
You closely miss the frilled lizard.
The frilled lizard bites you but does no damage. x2
The frilled lizard bites you.
You die...

#### #.<..#
#....#
########
#.l@...#
#..l†....#
#..........#
#............
#..........##
#?.........#
#.>........#
##..........


You could see 2 frilled lizards.

Vanquished Creatures
  A ball python (D:1)
  3 endoplasms
  4 goblins (D:1)
  A quokka (D:2)
  2 bats (D:1)
  3 frilled lizards (D:1)
  2 rats (D:1)
16 creatures vanquished.

Notes
Turn   | Place    | Note
-------+----------+-------------------------------------------
     0 | D:1      | nicanaca0 the Gargoyle Fighter began the quest for the Orb.
     0 | D:1      | Reached XP level 1. HP: 14/14 MP: 1/1
   124 | D:1      | Found a faded altar of an unknown god.
   236 | D:1      | Reached XP level 2. HP: 19/19 MP: 2/2
   449 | D:1      | Got A Beginning Course on Wizardry
   931 | D:2      | Noticed Natasha
   979 | D:2      | Slain by a frilled lizard

Illustrated notes

Levels and vault maps discovered:
D:1:      elethiomel_arrival_quiet, layout_basic, basic_ecumenical_altar,
          minmay_hedge_maze, minmay_misc_feat_rugged
D:2:      kb_forest_paths, layout_rooms, minmay_3d_cube, uniq_natasha,
          uniq_crazy_yiuf_cottage

Action                   || total
-------------------------++-------
Melee: Flail             ||    63
Throw: Stone             ||    25
Armor: Scale mail        ||    20
Dodge: Dodged            ||    19
Block: Buckler           ||    10

Table legend: (Time is in decaauts)
 A = Elapsed time spent in this place.
 B = Non-inter-level travel time spent in this place.
 C = Inter-level travel time spent in this place.
 D = Time resting spent in this place.
 E = Time spent auto-exploring this place.
 F = Levels seen in this place.
 G = Mean time per level.
                   A        B        C        D        E       F      G
               +--------+--------+--------+--------+--------+-----+--------+
         Total |   1000 |    948 |     52 |      0 |    788 |   2 |  500.0 |
       Dungeon |   1000 |    948 |     52 |      0 |    788 |   2 |  500.0 |
               +--------+--------+--------+--------+--------+-----+--------+

Top non-repeatable levels by time:
     D:1: 985 daAuts
     D:2: 15 daAuts
